 Dungeon Crawl Stone Soup version 0.28.0-1-gb440e238dd (webtiles) character file.

Game seed: 7776799064896941682

316 PoweredByGinger the Chopper (level 6, 0/51 HPs)
             Began as a Minotaur Fighter on Feb 20, 2022.
             Slain by a sky beast (4 damage)
             ... on level 5 of the Dungeon.
             The game lasted 00:03:14 (2509 turns).

PoweredByGinger the Chopper (Minotaur Fighter)      Turns: 2509, Time: 00:03:14

Health: 0/51       AC:  6    Str: 22    XL:     6   Next: 20%
Magic:  5/5        EV:  9    Int:  5    God:
Gold:   110        SH:  5    Dex: 10    Spells: 5/5 levels left

rFire   . . .      SeeInvis .   a - +0 war axe
rCold   . . .      Faith    .   c - +0 buckler
rNeg    . . .      Spirit   .   b - +0 scale mail
rPois   .          Reflect  .   (helmet restricted)
rElec   .          Harm     .   (no cloak)
rCorr   .          Rampage  .   (no gloves)
Will    .....                   (no boots)
Stlth   ..........              (no amulet)
HPRegen 0.17/turn               (no ring)
MPRegen 0.09/turn               (no ring)

@: no status effects
A: horns 2, retaliatory headbutt
a: no special abilities


You were on level 5 of the Dungeon.
You visited 1 branch of the dungeon, and saw 4 of its levels.

You collected 110 gold pieces.

Inventory:

Hand Weapons
 a - a +0 war axe (weapon)
Missiles
 f - 31 arrows
 g - 2 throwing nets (quivered)
Armour
 b - a +0 scale mail (worn)
 c - a +0 buckler (worn)
Scrolls
 e - a scroll of teleportation {unknown}
 h - a scroll of identify {unknown}
 j - 3 scrolls of amnesia
 k - a scroll of blinking {unknown}
 l - a scroll of silence {unknown}
 n - a scroll of acquirement {unknown}
Potions
 i - 2 potions of attraction {unknown}
 m - a potion of mutation {unknown}
 o - a potion of heal wounds


   Skills:
 - Level 3.6 Fighting
 * Level 6.4 Axes
 - Level 3.6 Armour
 + Level 5.9 Shields


You had 5 spell levels left.
You didn't know any spells.
Your spell library contained the following spells:

 Spells                   Type           Power      Damage    Failure   Level
 Foxfire                  Conj/Fire      0%         2x1d4     87%         1
 Freeze                   Ice            0%         1d3       87%         1
 Conjure Flame            Conj/Fire      0%         6-21      99%         3
 Frozen Ramparts          Ice            0%         1d2       99%         3
 Inner Flame              Hex/Fire       0%         N/A       99%         3
 Summon Guardian Golem    Hex/Summ       0%         N/A       99%         3
 Flame Wave               Conj/Fire      0%         2d4       100%        4
 Hailstorm                Conj/Ice       0%         3d3       100%        4
 Orb of Destruction       Conj           0%         9d5       100%        7
 Spellforged Servitor     Conj/Summ      0%         N/A       100%        7


Dungeon Overview and Level Annotations

Branches:
Dungeon (3/15)

Altars:
Kikubaaqudgha


Innate Abilities, Weirdness & Mutations

You have a pair of horns on your head.
You reflexively headbutt those who attack you in melee.


Message History

You start resting.
You hear the slow hiss of a very distant avalanche of sand.
You start resting.
You hear the slow hiss of a very distant avalanche of sand.
You start resting.
You hear the slow hiss of a very distant avalanche of sand.
You start resting.
HP restored.
As you read the scroll labelled KYASTONOHA, it crumbles to dust.
It is a scroll of amnesia.
You feel forgetful for a moment.
Unknown command.
A sky beast comes into view.
Found 7 gold pieces.
The sky beast flickers out of sight!
Deactivating autopickup; reactivate with Ctrl-A.
You closely miss something. Something hits you but does no damage.
You closely miss something. Something hits you but does no damage.
Something hits you. Something shocks you.
You barely miss something. Something hits you. Something shocks you.
You miss something. Your headbutt misses something. Something hits you.
Something shocks you.
You closely miss something. Your headbutt misses something. Something hits you.
Something shocks you.
You barely miss something. Your headbutt misses something.
Something hits you but does no damage. x2
You hit something but do no damage. Your headbutt misses something.
Something hits you. Something shocks you.
* * * LOW HITPOINT WARNING * * *
You miss something. Your headbutt misses something. Something hits you.
* * * LOW HITPOINT WARNING * * *
Something shocks you.
* * * LOW HITPOINT WARNING * * *
You miss something. Your headbutt misses something.
Something hits you but does no damage.
You miss something. Your headbutt misses something.
Something hits you but does no damage.
You slash something!
A sky beast appears from thin air!
Reactivating autopickup.
The sky beast hits you.
You die...

## . ## .# #.#
#. #.$###.## #
#...#.#
#..###Y@.#
#......######
#.##.##..#..##
##..#.###...(#
#.####..#....#
#.# ###.....#
# .## ##.....#
...#......#
#.#......#


You could see a sky beast.

Vanquished Creatures
  A hound (D:5)
  A jelly (D:5)
  Natasha (thrice) (D:2)
  An adder (D:2)
  2 gnolls
  6 river rats (D:5)
  An ufetubus (D:5)
  A worm (D:2)
  3 dart slugs
  An orc (D:5)
  A bat (D:1)
  5 endoplasms
  4 giant cockroaches
  6 goblins
  12 hobgoblins
  8 jackals
  3 kobolds (D:1)
  9 quokkas
  4 ball pythons
  2 frilled lizards
  13 rats
87 creatures vanquished.

Vanquished Creatures (others)
  9 fungi (D:5)
9 creatures vanquished.

Grand Total: 96 creatures vanquished

Notes
Turn   | Place    | Note
-------+----------+-------------------------------------------
     0 | D:1      | PoweredByGinger the Minotaur Fighter began the quest for
                  | the Orb.
     0 | D:1      | Reached XP level 1. HP: 19/19 MP: 0/0
    54 | D:1      | Reached skill level 3 in Axes
    54 | D:1      | Reached XP level 2. HP: 18/26 MP: 1/1
   405 | D:1      | Reached XP level 3. HP: 31/31 MP: 2/2
  1257 | D:2      | Reached skill level 4 in Axes
  1271 | D:2      | Noticed Natasha
  1276 | D:2      | Killed Natasha
  1277 | D:2      | Reached XP level 4. HP: 27/39 MP: 3/3
  1283 | D:2      | Noticed Natasha
  1289 | D:2      | Reached skill level 5 in Shields
  1293 | D:2      | Killed Natasha
  1555 | D:2      | Noticed Natasha
  1564 | D:2      | Killed Natasha
  1565 | D:2      | Reached skill level 5 in Axes
  1565 | D:2      | Reached XP level 5. HP: 32/45 MP: 4/4
  1756 | D:2      | Found an ancient bone altar of Kikubaaqudgha.
  1945 | D:2      | Found a faded altar of an unknown god.
  2275 | D:3      | You fall into a shaft and drop 2 floors!
  2275 | D:5      | Entered Level 5 of the Dungeon
  2311 | D:5      | Reached skill level 6 in Axes
  2317 | D:5      | Reached XP level 6. HP: 29/51 MP: 5/5
  2497 | D:5      | Noticed a sky beast
  2509 | D:5      | Slain by a sky beast

Illustrated notes

Levels and vault maps discovered:
D:1:      dpeg_arrival_boxorama, layout_loops_ring, minmay_pentomino_z4
D:2:      layout_rooms, basic_altar, nicolae_ecumenical_lake_church,
          minmay_tiny_reverse_x, uniq_natasha
D:3:      cheibrodos_old_hovel, layout_basic, mainiacjoe_overflow_paths,
          nicolae_overflow_squiral
D:5:      lemuel_ratsnest, layout_loops_ring, minmay_temple_entry_from_below_a,
          enter_ossuary_5, serial_aquarium, aquarium_bridge_straight
          [aquarium_subvault_bridge, aquarium_subvault_wall,
          aquarium_subvault_bridge, aquarium_subvault_wall],
          aquarium_window_corner, aquarium_window_2, aquarium_window_1,
          aquarium_view_2c, aquarium_balcony_1a, aquarium_pool_corner,
          uniq_duvessa, uniq_menkaure

Skill      XL: |  1  2  3  4  5 |
---------------+----------------+-----
Axes           | 3 4 5 6 |  6.4
Shields        | 4 5 |  5.9
Fighting       | |  3.6
Armour         | |  3.6

Action                   |  1- 3 |  4- 6 || total
-------------------------+-------+-------++-------
Melee: War axe           |    71 |   106 ||   177
       Headbutt          |     7 |     7 ||    14
  Use: Potion            |     2 |     1 ||     3
       Scroll            |       |     1 ||     1
Armor: Scale mail        |    41 |    44 ||    85
Dodge: Dodged            |    35 |    48 ||    83
Block: Buckler           |    15 |    18 ||    33
